 Dungeon Crawl Stone Soup version 0.22.1-2-g9c5b331 (webtiles) character file.

205 magicm the Archer (level 5, 0/42 HPs)
             Began as a Centaur Hunter on Nov 20, 2018.
             Slain by zeepkist's ghost (13 damage)
             ... on level 3 of the Dungeon.
             The game lasted 00:08:14 (2252 turns).

magicm the Archer (Centaur Hunter)                  Turns: 2252, Time: 00:08:15

Health: 0/42       AC:  8    Str: 14    XL:     5   Next: 52%
Magic:  5/5        EV:  9    Int: 10    God:
Gold:   150        SH:  0    Dex: 11    Spells: 4/4 levels left

rFire    . . .     SeeInvis .   g - +3 short sword
rCold    . . .     Gourm    .   (no shield)
rNeg     . . .     Faith    .   c - +1 leather armour
rPois    .         Spirit   .   (no helmet)
rElec    .         Reflect  .   t - +0 cloak
rCorr    .         Harm     .   h - +1 pair of gloves
MR       .....                  (no barding)
Stlth    +.........             b - amulet of rage
HPRegen  0.14/turn              (no ring)
MPRegen  0.09/turn              (no ring)

@: very quick
A: large, hooves 3, deformed body, speed 2, tough skin 3
a: Evoke Berserk Rage


You were on level 3 of the Dungeon.
You were not hungry.

You visited 1 branch of the dungeon, and saw 3 of its levels.

You collected 150 gold pieces.

Inventory:

Hand Weapons
 a - a +1 shortbow
 g - a +3 short sword (weapon)
 k - a cursed -2 hand axe
 n - a +2 short sword of speed
Missiles
 d - 25 arrows
Armour
 c - a +1 leather armour (worn)
 h - a +1 pair of gloves (worn)
 t - a +0 cloak (worn)
Jewellery
 b - an amulet of rage (around neck)
 e - a +3 amulet of reflection {unknown}
 i - an uncursed ring of positive energy {unknown}
 u - an uncursed ring of flight {unknown}
Scrolls
 l - a scroll of teleportation
 p - a scroll of identify
 q - 2 scrolls of amnesia
 s - a scroll of fog
Potions
 j - a potion of heal wounds {unknown}
 m - 2 potions of curing {unknown}
 o - a potion of flight {unknown}
 r - a potion of degeneration {unknown}
 v - a potion of agility {unknown}
Comestibles
 f - 5 rations


   Skills:
 + Level 2.7 Fighting
 + Level 8.5 Bows
 + Level 0.3 Armour
 + Level 1.5 Dodging
 + Level 0.4 Stealth


You had 4 spell levels left.
You didn't know any spells.
Your spell library was empty.

Dungeon Overview and Level Annotations

Branches:
Dungeon (3/15)

Altars:
Fedhas

Annotations:
D:3 zeepkist's ghost, amateur MiBe


Innate Abilities, Weirdness & Mutations

You have hooves in place of feet.
Armour fits poorly on your strangely shaped body.
You cover ground very quickly.
You have extremely tough skin. (AC +3)


Message History

You are too injured to fight recklessly!
Wield which item (- for none, * to show all)? (? for menu, Esc to quit)
That's the wrong kind of item! (Use * to select it.) Wield which item (- for none, * to show all)? (? for menu, Esc to quit)
Wield which item (- for none, * to show all)? (? for menu, Esc to quit)
Wield which item (- for none, * to show all)? (? for menu, Esc to quit)
That's the wrong kind of item! (Use * to select it.) Wield which item (- for none, * to show all)? (? for menu, Esc to quit)
g - a +3 short sword (weapon)
Zeepkist's ghost hits you but does no damage.
You hit zeepkist's ghost.
Zeepkist's ghost is severely damaged.
Zeepkist's ghost barely misses you.
You completely miss zeepkist's ghost. You kick zeepkist's ghost.
Zeepkist's ghost is severely damaged.
Zeepkist's ghost closely misses you.
You hit zeepkist's ghost.
Zeepkist's ghost is severely damaged.
Zeepkist's ghost hits you!
You die...

#........#
#........#
#........#
#........#
#....(...##
####........#
..........#
#...........#
..........#
#.#######...#####
..†<......# ##.#
##))##...
..........# #..##
#..##.##
.....<....#
#.####### ##>(..##
..........#
#@W(≈≈≈)( #######
..........#
#.############....
..........#
#..##.# #.##.).###
..........#
#####.# #.##[#.# #
.......>..#
#.###....#.#
..........#
#...##########
########### ###.#
#.. #.# #.# #.#
#.#


You could see zeepkist's ghost.

Vanquished Creatures
  A centaur zombie (D:3)
  An orc priest (D:3)
  5 adders
  2 oozes
  4 dart slugs
  A leopard gecko (D:3)
  2 orcs (D:3)
  2 giant cockroaches (D:2)
  14 goblins
  8 hobgoblins
  5 jackals (D:3)
  9 kobolds
  2 quokkas (D:3)
  8 bats
  5 frilled lizards
  8 rats
77 creatures vanquished.

Notes
Turn   | Place    | Note
-------+----------+-------------------------------------------
     0 | D:1      | magicm the Centaur Hunter began the quest for the Orb.
     0 | D:1      | Reached XP level 1. HP: 17/17 MP: 1/1
    56 | D:1      | Reached XP level 2. HP: 18/24 MP: 2/2
   163 | D:1      | Reached skill level 6 in Bows
   545 | D:1      | Reached XP level 3. HP: 29/29 MP: 3/3
   942 | D:2      | Reached skill level 7 in Bows
  1011 | D:2      | Reached XP level 4. HP: 33/36 MP: 4/4
  1669 | D:3      | Found a blossoming altar of Fedhas.
  1714 | D:3      | Reached XP level 5. HP: 42/42 MP: 5/5
  1734 | D:3      | Reached skill level 8 in Bows
  2229 | D:3      | Found a runed door.
  2232 | D:3      | Noticed zeepkist's ghost (amateur MiBe)
  2252 | D:3      | Slain by zeepkist's ghost

Skill      XL: |  1  2  3  4  5 |
---------------+----------------+-----
Bows           | 6 7 8 |  8.5
Fighting       | |  2.7
Armour         | |  0.3
Dodging        | |  1.5
Stealth        | |  0.4

Action                   |  1- 3 |  4- 6 || total
-------------------------+-------+-------++-------
Melee: Short sword       |       |     3 ||     3
       Kick              |       |     1 ||     1
 Fire: Shortbow          |    92 |   151 ||   243
  Use: Scroll            |     5 |     2 ||     7
  Eat: Ration            |       |     1 ||     1
Armor: Leather armour    |    10 |    18 ||    28
       Ring mail         |       |     1 ||     1
Dodge: Dodged            |    17 |    29 ||    46
